 Dungeon Crawl Stone Soup version 0.20.1-1-g8b1a95d (webtiles) character file.

3789 urezan the Cleaver (level 9, -1/123 HPs)
             Began as a Minotaur Berserker on Aug 21, 2017.
             Was a High Priest of Trog.
             Slain by a two-headed ogre
             ... wielding a +0 giant club
              (23 damage)
             ... on level 8 of the Dungeon.
             The game lasted 00:45:20 (7671 turns).

urezan the Cleaver (Minotaur Berserker)             Turns: 7671, Time: 00:45:22

Health: -1/123     AC:  6    Str: 28    XL:     9   Next: 95%
Magic:  8/8        EV: 15    Int:  4    God:    Trog [*****.]
Gold:   482        SH:  0    Dex: 12    Spells: 8/8 levels left

rFire    + . .     SeeInvis .   k - +3 halberd
rCold    . . .     Gourm    .   (shield currently unavailable)
rNeg     . . .     Faith    .   v - +2 leather armour {rPois}
rPois    +         Spirit   .   i - +1 hat
rElec    .         Reflect  .   (no cloak)
rCorr    .         Harm     .   (no gloves)
MR       .....                  (no boots)
Stlth    ..........             (no amulet)
Regen    0.3/turn               g - ring of protection from fire
MPRegen  0.2/turn               (no ring)

@: berserking, drained, very quick
A: retaliatory headbutt, claws 1, horns 2, talons 1, sturdy frame 1
a: Berserk, Trog's Hand, Brothers in Arms, Burn Spellbooks, Renounce Religion


You were on level 8 of the Dungeon.
You worshipped Trog.
Trog was extremely pleased with you.
You were very hungry.

You visited 1 branch of the dungeon, and saw 8 of its levels.
You also visited: Sewer.

You collected 482 gold pieces.

Inventory:

Hand Weapons
 a - a +1 hand axe
 k - a +3 halberd (weapon)
 D - a +0 shortbow
Missiles
 e - 63 arrows
 f - 6 tomahawks
 p - 175 stones
 s - 59 bolts
 G - 8 javelins of returning (quivered)
Armour
 h - a +0 scale mail
 i - a +1 hat (worn)
 v - a +2 leather armour of poison resistance (worn)
 x - a +0 plate armour
Jewellery
 g - a ring of protection from fire (left claw)
 r - an uncursed ring of fire
 C - an uncursed ring of protection from cold {unknown}
Wands
 m - a wand of random effects (28/48)
 t - a wand of iceblast (7/15)
 y - a wand of flame (0/48)
 L - a wand of digging (8/24)
Scrolls
 d - 4 scrolls of teleportation
 l - a scroll of blinking
 o - 4 scrolls of fog
 u - 2 scrolls of recharging
 w - a scroll of enchant armour
Potions
 n - a potion of ambrosia
 q - a potion of haste {unknown}
 z - 4 potions of flight
 A - a potion of curing
 F - a potion of might
 H - a potion of heal wounds
 I - a potion of invisibility
Comestibles
 b - 5 fruits
 c - 3 bread rations
 B - 3 meat rations


   Skills:
 + Level 8.9(8.6) Fighting
 + Level 11.6(11.4) Axes
 + Level 2.4(2.2) Bows
 + Level 1.8(1.6) Throwing
 + Level 5.3(5.1) Armour
 + Level 6.3(6.1) Dodging
 + Level 3.0(2.8) Stealth


You had 8 spell levels left.
You didn't know any spells.

Dungeon Overview and Level Annotations

Branches:
Dungeon (8/15)             Temple (0/1) D:7
   Lair: D:8-11

Altars:
Ashenzari
Dithmenos
Elyvilon
Fedhas
Makhleb
Nemelex Xobeh
Qazlal
Sif Muna
Vehumet
Yredelemnul


Innate Abilities, Weirdness & Mutations

You reflexively headbutt those who attack you in melee.
You have a pair of horns on your head.
You have sharp fingernails.
You have sharp toenails.
Your movements are slightly less encumbered by armour. (ER -2)


Message History

You are feeling hungry.
The two-headed ogre hits you with a giant club.
The two-headed ogre hits you with a giant club!
You puncture the two-headed ogre! Your kick misses the two-headed ogre.
The two-headed ogre is lightly wounded.
The two-headed ogre hits you with a giant club!!
The two-headed ogre hits you with a giant club!
* * * LOW HITPOINT WARNING * * *
You are too berserk!
You puncture the two-headed ogre! Your kick misses the two-headed ogre.
Your headbutt misses the two-headed ogre.
The two-headed ogre is heavily wounded.
You are feeling very hungry.
You barely miss the two-headed ogre. You claw the two-headed ogre.
You headbutt the two-headed ogre.
The two-headed ogre is heavily wounded.
The two-headed ogre hits you with a giant club!
* * * LOW HITPOINT WARNING * * *
The two-headed ogre hits you with a giant club!!
You die...

#.......# ##.##...#.#...##
...#.##### .##.#.#.#...## #####.#
.##.#.#.#..... ##'## #.......####
##...## ........###... #
##.....## #####.####.... .##
##.......## ##.###.# #....
..####.........####...##.####....
.....'.........O@.....[.......)).
..####.........####...##.##......
..Z ##.......## ##.###.##.###.#
.... ##.....## ### #[##.# #.#
....# ##...## ..##.# #.# ....#
##+## ####.# #.. ...## #.#####
..## #.....) #######


You could see a two-headed ogre.

Vanquished Creatures
  The ghost of letownia the Insei, a novice OpTm of Gozag (D:6)
  Eustachio (D:4)
  Sigmund (D:3)
  2 water moccasins
  2 sky beasts
  2 ice beasts
  A black bear (D:6)
  A necrophage (D:6)
  3 ogres
  3 centaurs
  The ghost of letownia the Insei, an amateur OpTm (D:5)
  4 bullfrogs
  5 scorpions
  3 wights (D:7)
  A howler monkey (D:5)
  4 crimson imps
  2 bullfrog zombies
  5 hounds
  2 orc priests
  An iguana (D:7)
  4 orc wizards
  5 worker ants
  A hound skeleton (D:8)
  A worker ant zombie (D:7)
  Robin (D:3)
  A howler monkey zombie (D:6)
  A howler monkey skeleton (D:4)
  11 adders
  2 shadow imps
  2 oozes
  An adder zombie (D:8)
  2 adder skeletons
  A worm (D:4)
  A dart slug (D:5)
  34 orcs
  9 ball pythons
  5 bats
  7 giant cockroaches
  14 goblins
  5 hobgoblins
  6 jackals (D:1)
  8 kobolds
  4 quokkas
  10 frilled lizards
  9 rats
190 creatures vanquished.

Vanquished Creatures (collateral kills)
  3 gnolls (D:5)
3 creatures vanquished.

Vanquished Creatures (others)
  A bat (D:1)
1 creature vanquished.

Grand Total: 194 creatures vanquished

Notes
Turn   | Place    | Note
-------+----------+-------------------------------------------
     0 | D:1      | urezan the Minotaur Berserker began the quest for the Orb.
     0 | D:1      | Reached XP level 1. HP: 19/19 MP: 0/0
   474 | D:1      | Reached XP level 2. HP: 23/27 MP: 1/1
   495 | D:1      | Reached skill level 4 in Axes
  1218 | D:1      | Reached XP level 3. HP: 33/33 MP: 2/2
  1396 | D:2      | Found a faded altar of an unknown god.
  1411 | D:2      | Reached ** piety under Trog
  1546 | D:2      | Found a shattered altar of Ashenzari.
  2083 | D:2      | Reached XP level 4. HP: 41/41 MP: 3/3
  2489 | D:3      | Noticed Robin
  2494 | D:3      | Killed Robin
  2494 | D:3      | Reached skill level 5 in Axes
  2542 | D:3      | Found a basalt altar of Yredelemnul.
  2656 | D:3      | Found a shadowy altar of Dithmenos.
  2849 | D:3      | Reached *** piety under Trog
  2862 | D:3      | Found a white marble altar of Elyvilon.
  2906 | D:3      | Found a glowing drain.
  2907 | D:3      | Noticed Sigmund
  2915 | D:3      | Killed Sigmund
  2915 | D:3      | Reached skill level 5 in Fighting
  2915 | D:3      | Reached skill level 6 in Axes
  2915 | D:3      | Reached skill level 1 in Stealth
  2915 | D:3      | Reached XP level 5. HP: 48/48 MP: 4/4
  2947 | Sewer    | Entered a sewer
  2969 | Sewer    | Reached XP level 6. HP: 53/56 MP: 5/5
  3508 | D:3      | Found a blossoming altar of Fedhas.
  3725 | D:4      | Noticed a water moccasin
  3733 | D:4      | Killed a water moccasin
  3928 | D:4      | Noticed a sky beast
  3938 | D:4      | Killed a sky beast
  3938 | D:4      | Reached skill level 7 in Axes
  4011 | D:4      | Reached XP level 7. HP: 60/61 MP: 6/6
  4166 | D:4      | Found a deep blue altar of Sif Muna.
  4317 | D:4      | Noticed Eustachio
  4335 | D:4      | Killed Eustachio
  4472 | D:4      | Reached **** piety under Trog
  4696 | D:5      | Entered Level 5 of the Dungeon
  4716 | D:5      | Reached skill level 8 in Axes
  4730 | D:5      | Noticed letownia's ghost (amateur OpTm)
  4757 | D:5      | Killed letownia's ghost
  4823 | D:5      | Reached XP level 8. HP: 69/70 MP: 7/7
  4831 | D:5      | Found a sparkling altar of Nemelex Xobeh.
  4927 | D:5      | Found a radiant altar of Vehumet.
  4928 | D:5      | Found a burning altar of Makhleb.
  5196 | D:5      | Reached skill level 5 in Dodging
  5202 | D:5      | Reached skill level 5 in Armour
  5207 | D:5      | Found a stormy altar of Qazlal.
  5254 | D:5      | Reached skill level 9 in Axes
  5275 | D:5      | Reached skill level 1 in Throwing
  5657 | D:6      | Noticed letownia's ghost (novice OpTm)
  5671 | D:6      | Killed letownia's ghost
  5671 | D:6      | Reached skill level 10 in Axes
  5671 | D:6      | Reached skill level 1 in Bows
  5671 | D:6      | Reached XP level 9. HP: 76/81 MP: 8/8
  5692 | D:6      | Gained mutation: Scrolls take you a little longer to read. [mutagenic meat]
  5903 | D:6      | Received a gift from Trog
  6292 | D:6      | Reached skill level 11 in Axes
  6327 | D:6      | Reached ***** piety under Trog
  6585 | D:7      | Found a shattered altar of Ashenzari.
  6664 | D:7      | Found a staircase to the Ecumenical Temple.
  6722 | D:7      | Lost mutation: Scrolls take you a little longer to read. [potion of mutation]
  6722 | D:7      | Gained mutation: You have very sharp teeth. [potion of mutation]
  6722 | D:7      | Gained mutation: Your flesh is heat resistant. (rF+) [potion of mutation]
  7362 | D:8      | Lost mutation: Your flesh is heat resistant. (rF+) [potion of mutation]
  7362 | D:8      | Gained mutation: Your movements are slightly less encumbered by armour. (ER -2) [potion of mutation]
  7362 | D:8      | Gained mutation: You expend magic power (3 MP) to strengthen your wands. [potion of mutation]
  7362 | D:8      | Gained mutation: You are weak. (Str -2) [potion of mutation]
  7362 | D:8      | Gained mutation: Your system is resistant to poisons. (rPois) [potion of mutation]
  7398 | D:8      | Lost mutation: Your system is resistant to poisons. (rPois) [potion of mutation]
  7398 | D:8      | Lost mutation: You expend magic power (3 MP) to strengthen your wands. [potion of mutation]
  7398 | D:8      | Lost mutation: You are weak. (Str -2) [potion of mutation]
  7398 | D:8      | Lost mutation: You have very sharp teeth. [potion of mutation]
  7398 | D:8      | Gained mutation: You have sharp toenails. [potion of mutation]
  7398 | D:8      | Gained mutation: You have sharp fingernails. [potion of mutation]
  7645 | D:8      | Noticed a two-headed ogre
  7671 | D:8      | Slain by a two-headed ogre

Skill      XL: |  1  2  3  4  5  6  7  8  9 |
---------------+----------------------------+-----
Fighting       | 4 5 6 7 8 |  8.9
Axes           | 4 6 7 8 10 11 | 11.6
Dodging        | 3 4 5 6 |  6.3
Stealth        | 1 2 3 |  3.0
Armour         | 3 4 5 |  5.3
Throwing       | 1 |  1.8
Bows           | 1 2 |  2.4

Action                   |  1- 3 |  4- 6 |  7- 9 || total
-------------------------+-------+-------+-------++-------
Melee: Hand axe          |    92 |   101 |   298 ||   491
       Headbutt          |    12 |    13 |    60 ||    85
       Kick              |       |       |     9 ||     9
       Halberd           |       |       |     7 ||     7
       Bite              |       |       |     3 ||     3
 Fire: Shortbow          |       |       |    13 ||    13
Throw: Stone             |       |       |    20 ||    20
       Javelin           |       |       |     4 ||     4
Invok: Berserk           |     4 |     3 |    13 ||    20
       Burn Spellbooks   |       |       |     1 ||     1
       Brothers in Arms  |       |       |     1 ||     1
Evoke: Wand              |       |       |     1 ||     1
  Use: Scroll            |     4 |     5 |    11 ||    20
       Potion            |     4 |     2 |     6 ||    12
 Stab: Sleeping          |       |     1 |     1 ||     2
  Eat: Chunk             |     2 |     9 |    21 ||    32
       Meat ration       |     1 |       |       ||     1
       Fruit             |       |     1 |     4 ||     5
Armor: Leather armour    |       |    16 |    54 ||    70
       Scale mail        |       |     5 |    14 ||    19
Dodge: Dodged            |    61 |    60 |   154 ||   275
